 Dungeon Crawl Stone Soup version 0.32-a0-918-g0f22ef8d61 (webtiles) character file.

Game seed: 1362423525018861011

2477 ezpacito the Trooper (level 9, -13/64 (68) HPs)
             Began as a Coglin Chaos Knight on Apr 11, 2024.
             Was a Plaything of Xom.
             Mangled by a shadow (38 damage)
             ... on level 6 of the Dungeon.
             The game lasted 00:07:26 (5111 turns).

ezpacito the Trooper (Coglin Chaos Knight)          Turns: 5111, Time: 00:07:26

HP:   -13/64 (68)   AC:  9    Str: 16    XL:     9   Next: 51%
MP:   12/12         EV: 12    Int: 17    God:    Xom [.*....]
Gold: 111           SH:  0    Dex: 16    Spells: 6/12 levels left

rFire   . . .        a - +0 hand axe (chaos) {Imgur-Sin}
rCold   . . .        i - +4 trident (vamp) {Imanvir}
rNeg    . . .        u - +3 leather armour of Ru, Forging {Rampage Int+4 Dex+5}
rPois   .            (no helmet)
rElec   .            j - +2 cloak
rCorr   .            (no gloves)
SInv    .            (no boots)
Will    .....        (amulet unavailable)
Stlth   ++           (ring unavailable)
HPRegen 0.30/turn    (ring unavailable)
MPRegen 0.13/turn    (no gizmo)

%: clarity, rampage
@: drained, revved
A: off-hand wielding, slow wielding, warmup strikes, no jewellery, clarity,
clumsy 1, deterioration 1, inability to drink after injury 1
a: Invent Gizmo, Renounce Religion


You were on level 6 of the Dungeon.
You worshipped Xom.
You were a plaything of Xom.
You visited 2 branches of the dungeon, and saw 7 of its levels.

You collected 232 gold pieces.
You spent 121 gold pieces at shops.

Inventory:

Hand Weapons
 a - a +0 hand axe of chaos (weapon) {Imgur-Sin}
 i - a +4 vampiric trident (offhand) {Imanvir}
Missiles
 w - 7 poisoned darts (quivered)
Armour
 j - a +2 cloak (worn)
 u - the +3 leather armour of Ru, Forging (worn) {Rampage Int+4 Dex+5}
   (You found it on level 4 of the Dungeon)

   Int+4:     It affects your intelligence (+4).
   Dex+5:     It affects your dexterity (+5).
   Rampage:   It bestows one free step when moving towards enemies.
 C - +1 steam dragon scales
Magical Staves
 z - a staff of death
Talismans
 d - a beast talisman
 A - a flux talisman
Wands
 h - a wand of flame (30)
 o - a wand of light (8)
 s - a wand of iceblast (9)
 y - a wand of polymorph (15)
Scrolls
 b - 3 scrolls of amnesia
 c - a scroll of immolation {unknown}
 f - a scroll of vulnerability {unknown}
 k - a scroll of revelation
 m - 2 scrolls of summoning
 p - 4 scrolls of poison
 r - 4 scrolls of noise
 t - 2 scrolls of teleportation
 x - a scroll of enchant weapon {unknown}
 B - 3 scrolls of blinking
Potions
 e - 2 potions of lignification
 g - a potion of mutation {unknown}
 l - a potion of cancellation {unknown}
 n - a potion of resistance
 q - 2 potions of curing
 v - a potion of enlightenment {unknown}


   Skills:
 * Level 5.3 Fighting
 * Level 5.1(5.8) Axes
 * Level 3.6(4.7) Polearms
 * Level 4.3 Armour
 * Level 3.8 Dodging
 + Level 2.5 Stealth
 + Level 2.1 Spellcasting
 + Level 2.2 Necromancy
 + Level 2.0 Fire Magic
 + Level 2.0 Air Magic
 * Level 3.2 Alchemy
 + Level 3.4 Evocations
 + Level 1.6 Shapeshifting


You had 6 spell levels left.
You knew the following spells:

 Your Spells              Type           Power      Damage    Failure   Level
a - Cigotuvi's Dreadful   Necr/Alch/Air  20%        N/A       12%         2
b - Ignite Poison         Fire/Alch      10%        N/A       58%         4

Your spell library contained the following spells:

 Spells                   Type           Power      Damage    Failure   Level
 Freezing Cloud           Conj/Ice/Air   2%         6-21      99%         5


Dungeon Overview and Level Annotations

Branches:
Dungeon (6/15)             Temple (1/1) D:5

Altars:
Ashenzari
Cheibriados
Dithmenos
Elyvilon
Fedhas
Gozag
Hepliaklqana
Kikubaaqudgha
Makhleb
Nemelex Xobeh
Okawaru
Ru
Trog
Uskayaw
Vehumet
Wu Jian
Yredelemnul
The Shining One

Shops:
D:3 [   D:5 ?[*(

Annotations:
D:5 2 transporters, PriceMaster's ghost, novice SpEE


Innate Abilities, Weirdness & Mutations

You can wield a second weapon in your off-hand.
It takes a long time for you to wield or remove held weapons.
Your first few attacks do less damage.
You cannot equip rings or amulets.
You possess an exceptional clarity of mind.
You are clumsy. (Dex -2)
Your body sometimes deteriorates upon taking damage.
You occasionally lose the ability to drink potions when taking damage.


Message History

No target in view!
No target in view!
No target in view!
You barely miss something with your +4 vampiric trident.
You barely miss something with your +0 hand axe of chaos.
The shadow strikes at you from the darkness!
Ouch! That really hurt!
Reactivating autopickup.
You take 37 damage, and have 27/64 hp.
MASSIVE DAMAGE!!
You hit the shadow with your +0 hand axe of chaos.
You burn the shadow.
The shadow is lightly damaged.
You barely miss the shadow with your +4 vampiric trident.
The shadow closely misses you.
You hit the shadow with your +0 hand axe of chaos.
The shadow suddenly stops moving!
The shadow is moderately damaged.
The helpless shadow fails to defend itself.
You puncture the shadow with your +4 vampiric trident!
The shadow is no longer paralysed.
The shadow slips into darkness.
The shadow flickers and vanishes!
Deactivating autopickup; reactivate with Ctrl-A.
You barely miss something with your +0 hand axe of chaos.
You barely miss something with your +4 vampiric trident.
The shadow strikes at you from the darkness!
Reactivating autopickup.
You take 4 damage, and have 24/64 hp.
You closely miss the shadow with your +4 vampiric trident.
The shadow is severely damaged.
You hit the shadow with your +0 hand axe of chaos.
The shadow slips into darkness.
The shadow flickers and vanishes!
Deactivating autopickup; reactivate with Ctrl-A.
You miss something with your +4 vampiric trident.
You barely miss something with your +0 hand axe of chaos.
The shadow strikes at you from the darkness!
Ouch! That really hurt!
You die...
Xom roars with laughter!

## ##.## #.. #..#####
.## ##.)#... #?#
##...## #:##+######
###... # #...†...#
#..#
+)#..ß###.#########.#
#$##'## #............
#?#ß@# ####.##......
.# #.{# #......#.. #.
'..## ########.. #
#### #....#.. #....#
#.###... #.......
#####... #......


There were no monsters in sight!

Vanquished Creatures
  Maggie (D:6)
  Menkaure (D:5)
  Edmund (D:5)
  2 water moccasins (D:6)
  A black bear (D:5)
  3 ogres
  A centaur (D:6)
  A lemure (D:6)
  2 bullfrogs
  2 scorpions
  A bombardier beetle (D:3)
  3 hounds
  2 iguanas
  An orc wizard (D:5)
  A sleepcap (D:5)
  7 adders
  A shadow imp (D:6)
  A white imp (D:6)
  An ufetubus (D:6)
  2 dart slugs (D:1)
  A ribbon worm (D:2)
  4 orcs (D:5)
  An orc (shapeshifter) (D:5)
  5 bats
  9 endoplasms
  3 giant cockroaches (D:4)
  2 goblins
  5 hobgoblins
  12 jackals
  6 kobolds
  3 quokkas
  9 ball pythons
  5 frilled lizards
  4 rats
104 creatures vanquished.

Vanquished Creatures (collateral kills)
  Pikel (D:6)
  Jeremiah (D:6)
  A bombardier beetle (D:4)
  A jelly (D:6)
4 creatures vanquished.

Grand Total: 108 creatures vanquished

Notes
Turn   | Place    | Note
-------+----------+-------------------------------------------
     0 | D:1      | ezpacito the Coglin Chaos Knight began the quest for the
                  | Orb.
     0 | D:1      | Reached XP level 1. HP: 18/18 MP: 1/1
    23 | D:1      | XOM: divination: detect items
   119 | D:1      | Reached skill level 1 in Dodging
   139 | D:1      | Reached XP level 2. HP: 10/24 MP: 2/2
   215 | D:1      | Found a faded altar of an unknown god.
   760 | D:1      | XOM: silly message
   832 | D:2      | XOM: silly message
   834 | D:2      | Reached XP level 3. HP: 29/29 MP: 3/3
  1027 | D:2      | XOM: silly message
  1047 | D:2      | XOM: divination: detect items
  1224 | D:2      | Reached skill level 1 in Polearms
  1271 | D:2      | XOM: silly message
  1379 | D:2      | Reached XP level 4. HP: 33/35 MP: 4/4
  1537 | D:2      | XOM: potion effect (might)
  1785 | D:3      | XOM: 2-stop teleportation journey
  1945 | D:3      | Reached XP level 5. HP: 39/41 MP: 5/5
  2079 | D:3      | Found Ibupaol's Armour Shoppe.
  2654 | D:4      | Noticed an ogre
  2659 | D:4      | XOM: noise
  2661 | D:4      | Killed an ogre
  2662 | D:4      | Reached skill level 1 in Evocations
  2713 | D:4      | Reached XP level 6. HP: 35/48 MP: 7/7
  2844 | D:4      | Reached skill level 1 in Stealth
  2889 | D:4      | Identified the +5 great sword of Hequsuno {freeze, rElec
                  | rC+ Will+ SInv}
  3008 | D:4      | XOM: summons 2 hostile shadow creatures
  3039 | D:4      | Identified the +3 leather armour of Ru, Forging {Rampage
                  | Int+4 Dex+5}
  3283 | D:4      | Found a broken altar of Ashenzari.
  3292 | D:4      | XOM: enchant monster (bad)
  3298 | D:4      | XOM: 1-stop teleportation journey
  3321 | D:4      | Reached skill level 1 in Spellcasting
  3478 | D:4      | Learned a level 2 spell: Cigotuvi's Dreadful Rot
  3483 | D:4      | Learned a level 4 spell: Ignite Poison
  3554 | D:5      | Entered Level 5 of the Dungeon
  3557 | D:5      | Found Jomee's Magic Scroll Shop.
  3560 | D:5      | Noticed a black bear
  3560 | D:5      | XOM: 2-stop teleportation journey
  3563 | D:5      | Killed a black bear
  3564 | D:5      | Reached XP level 7. HP: 49/54 MP: 8/8
  3595 | D:5      | Bought 3 scrolls of identify for 66 gold pieces
  3595 | D:5      | Bought a scroll of identify for 22 gold pieces
  3595 | D:5      | Bought a scroll of identify for 22 gold pieces
  3595 | D:5      | Bought a scroll of noise for 11 gold pieces
  3609 | D:5      | XOM: give mutations
  3609 | D:5      | Gained mutation: You possess an exceptional clarity of
                  | mind. [Xom's mischief]
  3609 | D:5      | Gained mutation: You are clumsy. (Dex -2) [Xom's mischief]
  3609 | D:5      | Gained mutation: You occasionally lose the ability to drink
                  | potions when taking damage. [Xom's mischief]
  3636 | D:5      | Found a staircase to the Ecumenical Temple.
  3642 | Temple   | Entered the Ecumenical Temple
  3691 | D:5      | XOM: give mutation
  3691 | D:5      | Gained mutation: Your body sometimes deteriorates upon
                  | taking damage. [Xom's mischief]
  3707 | D:5      | Found Betsenur's General Store.
  3711 | D:5      | a scorpion changed into a shapeshifter
  3711 | D:5      | Noticed a shapeshifter
  3711 | D:5      | XOM: polymorph scorpion -> shapeshifter
  3712 | D:5      | XOM: chaos cloud
  3712 | D:5      | a shapeshifter changed into a steam dragon
  3712 | D:5      | Noticed a steam dragon (shapeshifter)
  3724 | D:5      | Noticed Menkaure
  3724 | D:5      | XOM: 1-stop teleportation journey
  3726 | D:5      | Noticed Edmund
  3747 | D:5      | Killed Edmund
  3747 | D:5      | Killed Menkaure
  3748 | D:5      | Reached skill level 1 in Alchemy
  3882 | D:5      | Found a transporter.
  3882 | D:5      | Found a transporter.
  3913 | D:5      | Found Mizimema's Antique Weapon Shoppe.
  3992 | D:5      | Noticed PriceMaster's ghost (novice SpEE)
  4201 | D:5      | XOM: 6-stop teleportation journey
  4260 | D:5      | Noticed a shadow
  4261 | D:5      | Found a shadowy altar of Dithmenos.
  4275 | D:5      | Found a hazy altar of Hepliaklqana.
  4322 | D:5      | Found Uhiczan's Antique Armour Shoppe.
  4457 | D:6      | XOM: 3-stop teleportation journey
  4458 | D:6      | Reached skill level 1 in Necromancy
  4458 | D:6      | Reached skill level 1 in Fire Magic
  4458 | D:6      | Reached skill level 1 in Air Magic
  4458 | D:6      | Reached XP level 8. HP: 33/61 MP: 8/10
  4599 | D:6      | Noticed Pikel
  4603 | D:6      | Noticed Jeremiah
  4605 | D:6      | XOM: scenery: summon butterflies
  4609 | D:6      | Killed Pikel
  4610 | D:6      | Reached skill level 1 in Shapeshifting
  4617 | D:6      | Killed Jeremiah
  4623 | D:6      | Reached XP level 9. HP: 49/67 MP: 11/11
  4701 | D:6      | Reached skill level 5 in Fighting
  4805 | D:6      | XOM: blink monster(s)
  4805 | D:6      | Noticed Maggie
  4807 | D:6      | XOM: cast spell 'Metabolic Englaciation'
  4815 | D:6      | XOM: confuse monster(s)
  4820 | D:6      | Killed Maggie
  4827 | D:6      | Reached skill level 5 in Axes
  4878 | D:6      | XOM: draining
  5111 | D:6      | Mangled by a shadow

Illustrated notes

Levels and vault maps discovered:
D:1:      ebering_hopf_link, layout_loops_ring, chequers_ecumenical_altar_island
D:2:      minmay_skewed_foursquare, layout_loops_cross
D:3:      layout_basic, serial_shops, nicolae_shop_hallway_stairs
D:4:      layout_basic, mainiacjoe_overflow_brackets
D:5:      layout_basic, riverfiend_overflow_shadow_ancestor,
          minmay_temple_entry_fiery, gammafunk_ghost_gnarly_gnolls,
          serial_shops, nicolae_diamond_shop, shop, shop,
          nicolae_shop_getting_attention, uniq_menkaure, uniq_edmund
D:6:      minmay_chambers_of_sixes, layout_basic, uniq_maggie, uniq_jeremiah,
          uniq_pikel
Temple:   nicolae_temple_no_exploring_needed

Skill      XL: |  1  2  3  4  5  6  7  8  9 |
---------------+----------------------------+-----
Dodging        | 1 2 3 |  3.8
Armour         | 2 3 4 |  4.3
Polearms       | 1 2 3 |  3.6
Evocations     | 1 2 3 |  3.4
Stealth        | 1 2 |  2.5
Spellcasting   | 1 2 |  2.1
Fighting       | 4 5 |  5.3
Axes           | 4 5 |  5.1
Alchemy        | 1 2 3 |  3.2
Necromancy     | 1 2 |  2.2
Fire Magic     | 1 2 |  2.0
Air Magic      | 1 2 |  2.0
Shapeshifting  | 1 |  1.6

Action                     |  1- 3 |  4- 6 |  7- 9 || total
---------------------------+-------+-------+-------++-------
  Melee: Hand axe          |    89 |    69 |    95 ||   253
         Dagger            |    78 |    31 |       ||   109
         Spear             |       |    21 |       ||    21
         Trident           |       |    17 |   102 ||   119
         Great sword       |       |     4 |     8 ||    12
  Evoke: Wand              |       |       |     5 ||     5
    Use: Scroll            |       |       |    12 ||    12
         Potion            |       |       |     3 ||     3
   Stab: Sleeping          |       |     1 |     4 ||     5
         Confused          |       |       |     3 ||     3
         Paralysed         |       |       |     1 ||     1
 Armour: Leather armour    |    51 |    47 |    77 ||   175
  Dodge: Dodged            |    61 |    36 |    82 ||   179

Table legend: (Time is in decaauts)
 A = Elapsed time spent in this place.
 B = Non-inter-level travel time spent in this place.
 C = Inter-level travel time spent in this place.
 D = Time resting spent in this place.
 E = Time spent auto-exploring this place.
 F = Levels seen in this place.
 G = Mean time per level.
                   A        B        C        D        E       F      G
               +--------+--------+--------+--------+--------+-----+--------+
         Total |   5150 |   4785 |    365 |    101 |   3826 |   7 |  735.7 |
       Dungeon |   5149 |   4785 |    364 |    101 |   3826 |   6 |  858.2 |
        Temple |      1 |      1 |      0 |      0 |      0 |   1 |    1.0 |
               +--------+--------+--------+--------+--------+-----+--------+

Top non-repeatable levels by time:
     D:3: 967 daAuts
     D:4: 909 daAuts
     D:2: 903 daAuts
     D:5: 895 daAuts
     D:1: 794 daAuts
     D:6: 679 daAuts
  Temple: 1 daAuts
